 Dungeon Crawl Stone Soup version 0.27.1-1-g398f81649c (webtiles) character file.

Game seed: 12634912194006577012

3616 jlumianski the Blocker (level 9, -4/81 HPs)
             Began as a Deep Dwarf Fighter on Sept 22, 2021.
             Was a Believer of Makhleb.
             Splashed by an acid dragon's acid (15 damage)
             ... on level 8 of the Dungeon.
             The game lasted 00:46:49 (7100 turns).

jlumianski the Blocker (Deep Dwarf Fighter)         Turns: 7100, Time: 00:46:50

Health: -4/81      AC:  7    Str: 23    XL:     9   Next: 86%
Magic:  6/6        EV: 16    Int: 12    God:    Makhleb [**....]
Gold:   456        SH: 11    Dex: 12    Spells: 8/8 levels left

rFire    . . .     SeeInvis +   w - +6 war axe (flame)
rCold    . . .     Faith    .   c - +0 kite shield
rNeg     . . .     Spirit   .   s - +2 robe "Vesea" {Int+3}
rPois    .         Reflect  .   (no helmet)
rElec    .         Harm     .   f - +2 cloak of the Thief {*Fog Slay-2 SInv Stlth+}
rCorr    .         Rampage  .   (no gloves)
Will     +....                  (no boots)
Stlth    +++.......             (no amulet)
HPRegen  0.00/turn              m - +4 ring of evasion
MPRegen  0.10/turn              (no ring)

@: no status effects
A: damage resistance, heal wounds, sense surroundings 2, no regeneration
a: Heal Wounds, Renounce Religion, Minor Destruction


You were on level 8 of the Dungeon.
You worshipped Makhleb.
Makhleb was pleased with you.
You visited 2 branches of the dungeon, and saw 9 of its levels.
You also visited: Sewer.

You collected 456 gold pieces.

Inventory:

Hand Weapons
 a - a +0 war axe of protection
 n - a +0 club
 q - a +2 dagger of venom
 t - a +2 vorpal flail
 v - a +0 dagger of pain
 w - a +6 war axe of flaming (weapon)
 D - a +4 quarterstaff of chaos
 F - a +0 hunting sling
 G - a +1 flail of protection
 I - a +2 flail of holy wrath
Missiles
 l - 27 bolts
 o - 91 stones
 p - 43 sling bullets
 z - a curare-tipped dart
 A - 9 poisoned darts (quivered)
 H - 2 throwing nets
Armour
 b - a +0 scale mail
 c - a +0 kite shield (worn)
 f - the +2 cloak of the Thief (worn) {*Fog Slay-2 SInv Stlth+}
   (You acquired it on level 5 of the Dungeon)

   It may release a thick cloud of smoke when the wearer is hurt.
   Slay:      It affects your accuracy & damage with ranged weapons and melee
   (-2).
   SInv:      It lets you see invisible.
   Stlth:     It makes you more stealthy.
 s - the +2 robe "Vesea" (worn) {Int+3}
   (You found it on level 6 of the Dungeon)

   Int:       It affects your intelligence (+3).
 E - a +1 cloak
Jewellery
 m - a +4 ring of evasion (left hand)
Wands
 r - a wand of digging (8)
 y - a wand of flame (8)
Scrolls
 g - 5 scrolls of fear
 i - a scroll of magic mapping
 j - 4 scrolls of fog
 k - 2 scrolls of teleportation
 x - a scroll of amnesia
 B - a scroll of blinking
 C - 2 scrolls of identify
Potions
 d - a potion of might
 e - 6 potions of curing
 h - 4 potions of flight
 u - 2 potions of mutation


   Skills:
 + Level 5.3 Fighting
 * Level 4.0 Short Blades
 + Level 6.7 Axes
 + Level 2.3 Throwing
 + Level 6.2 Armour
 + Level 4.8 Dodging
 * Level 4.1 Stealth
 + Level 8.2 Shields
 * Level 3.3 Invocations


You had 8 spell levels left.
You didn't know any spells.
Your spell library contained the following spells:

 Spells                   Type           Power      Damage    Failure   Level
 Slow                     Hex            0%         N/A       75%         2
 Confusing Touch          Hex            0%         N/A       93%         3
 Conjure Flame            Conj/Fire      0%         6-21      93%         3
 Ignite Poison            Fire/Tmut/Pois 0%         N/A       93%         3
 Ozocubu's Armour         Ice            0%         N/A       93%         3
 Animate Dead             Necr           0%         N/A       100%        4
 Sticky Flame             Conj/Fire      0%         2d3       100%        4
 Borgnjor's Vile Clutch   Necr/Erth      0%         N/A       100%        5
 Metabolic Englaciation   Hex/Ice        0%         N/A       100%        5
 Yara's Violent Unravell  Hex/Tmut       0%         3d3       100%        5
 Death Channel            Necr           0%         N/A       100%        6
 Simulacrum               Ice/Necr       0%         N/A       100%        6


Dungeon Overview and Level Annotations

Branches:
Dungeon (8/15)             Temple (1/1) D:4           Sewer (visited)
   Lair: D:8-11

Altars:
Ashenzari
Cheibriados
Dithmenos
Makhleb
Okawaru
Ru
Trog
Wu Jian
Zin
The Shining One

Annotations:
D:8 Grum


Innate Abilities, Weirdness & Mutations

You are resistant to damage.
You can heal yourself by infusing magical energy.
You passively map the area around you.
You do not regenerate.


Message History

The wolf is almost dead.
You block the wolf's attack. You block Grum's attack. The wolf bites you.
Grum closely misses you.
You barely miss the wolf.
The wolf is almost dead.
You block the wolf's attack. The wolf misses you.
Grum hits you from afar with a +1 spear.
You slice the wolf!! You burn the wolf.
You kill the wolf!
Makhleb accepts your kill.
Grum hits you from afar with a +1 spear!
* * * LOW HITPOINT WARNING * * *
You hear a roar!
Your Stealth skill increases to level 4!
Press: ? - help, v - describe, . - travel
Here: Grum, wielding a +1 spear and wearing a +0 animal skin The floor.
Throw: 10 darts (poison)
Press: ? - help, Q - select action, (/) - cycle Shift-Dir - straight line, f - Grum
Aim: Grum, wielding a +1 spear and wearing a +0 animal skin (61% to hit)
You throw a poisoned dart. The poisoned dart barely misses Grum.
The poisoned dart barely misses the wolf.
You block Grum's attack.
Your magical essence is drained by the effort!
You feel much better. Grum misses you.
An acid dragon comes into view.
Grum hits you with a +1 spear!!
* * * LOW HITPOINT WARNING * * *
The acid dragon roars!
Things that are here:
a wolf corpse; a wolf corpse You slash Grum!
You burn Grum.
Grum is moderately wounded.
Grum misses you. The acid dragon spits acid at you.
The splash of acid hits you!
* * * LOW HITPOINT WARNING * * *
With a swish of your cloak, you release a cloud of fog.
You are splashed with acid!
You die...

#.###..#h###>......##
, * ###.#.#
##.....### * #(..#g#
##......# , *
*#.###.# ##.8#8.# #
#.# #.#*####.#$#.#
#.##.###g# .....8#8..
, #..hh§...#
*##...... *
####g##### ,##.......
,, #@# ,.. #.....#.#
,* #§# #.##...###.
#D# * #.....###.# #..
, #.......... *
####.....###.####.
*####* #.# ## ###.##
# #....# .. #.#..####


You could see Grum, an acid dragon (catching breath) and 2 wolves.

Vanquished Creatures
  4 yaks
  Edmund (D:4)
  Duvessa (D:7)
  An orc warrior (D:8)
  An ice beast (D:6)
  A black bear (D:6)
  2 necrophages
  A sky beast (D:6)
  2 wolves (D:8)
  2 phantoms
  2 bullfrogs
  A kobold brigand (D:8)
  A scorpion (D:4)
  3 water moccasin zombies (D:5)
  A wyvern skeleton (D:5)
  Dowan (D:7)
  5 killer bees (D:6)
  7 wights
  A howler monkey (D:6)
  2 centaur zombies
  A gnoll shaman (D:6)
  A jelly (D:6)
  Crazy Yiuf (D:4)
  2 orc priests
  A hound (D:4)
  Jessica (D:2)
  4 iguanas
  Natasha (thrice) (D:4)
  3 orc wizards
  6 adders
  14 gnolls
  A river rat (D:4)
  A shadow imp (D:3)
  A white imp (D:7)
  3 ufetubi
  2 adder skeletons
  6 worms
  2 dart slugs
  9 orcs
  9 ball pythons
  10 endoplasms
  5 giant cockroaches
  9 goblins
  3 hobgoblins
  7 jackals
  12 kobolds
  9 quokkas
  15 bats
  8 frilled lizards
  9 rats
198 creatures vanquished.

Notes
Turn   | Place    | Note
-------+----------+-------------------------------------------
     0 | D:1      | jlumianski the Deep Dwarf Fighter began the quest for the
                  | Orb.
     0 | D:1      | Reached XP level 1. HP: 20/20 MP: 1/1
   149 | D:2      | Reached XP level 2. HP: 26/28 MP: 2/2
   217 | D:2      | Noticed Jessica
   304 | D:4      | Reached XP level 3. HP: 15/34 MP: 3/3
   331 | D:4      | Found a glowing drain.
   335 | Sewer    | Entered a sewer
   723 | Sewer    | Reached XP level 4. HP: 22/42 MP: 4/4
  1064 | D:1      | Reached skill level 4 in Shields
  1293 | D:1      | Found a faded altar of an unknown god.
  2339 | D:2      | Reached XP level 5. HP: 22/49 MP: 5/5
  3160 | D:2      | Killed Jessica
  3365 | D:4      | Found a staircase to the Ecumenical Temple.
  3380 | Temple   | Entered the Ecumenical Temple
  3407 | Temple   | Became a worshipper of Makhleb the Destroyer
  3478 | D:4      | Reached skill level 1 in Dodging
  3478 | D:4      | Reached XP level 6. HP: 25/57 MP: 6/6
  3495 | D:4      | Reached skill level 5 in Shields
  3608 | D:4      | Noticed Natasha
  3619 | D:4      | Killed Natasha
  3634 | D:4      | Noticed Natasha
  3642 | D:4      | Killed Natasha
  3687 | D:4      | Noticed Natasha
  3696 | D:4      | Killed Natasha
  3704 | D:4      | Reached skill level 1 in Short Blades
  3768 | D:4      | Found a runed translucent door.
  3769 | D:4      | Noticed Crazy Yiuf
  3779 | D:4      | Killed Crazy Yiuf
  3930 | D:4      | Noticed Edmund
  3948 | D:4      | Killed Edmund
  3949 | D:4      | Reached XP level 7. HP: 16/64 MP: 6/6
  4022 | D:5      | Entered Level 5 of the Dungeon
  4257 | D:5      | HP: 3/64 [wyvern skeleton (8)]
  4257 | D:5      | HP: 1/64 [water moccasin zombie (2)]
  4267 | D:5      | Reached skill level 6 in Shields
  4386 | D:5      | Reached skill level 5 in Armour
  4530 | D:5      | Reached * piety under Makhleb
  4542 | D:5      | Reached XP level 8. HP: 53/73 MP: 6/6
  4594 | D:5      | Reached skill level 5 in Axes
  4788 | D:5      | Reached skill level 1 in Throwing
  5378 | D:6      | Reached skill level 7 in Shields
  5458 | D:5      | Identified a scroll of acquirement
  5558 | D:5      | Acquired the +2 cloak of the Thief {*Fog Slay-2 SInv
                  | Stlth+}
  5558 | D:5      | Found the +2 cloak of the Thief {*Fog Slay-2 SInv Stlth+}
  5651 | D:5      | Reached skill level 1 in Stealth
  5717 | D:6      | Gained mutation: You passively map the area around you.
                  | [Deep Dwarf growth]
  5717 | D:6      | Reached XP level 9. HP: 27/80 MP: 7/7
  5887 | D:4      | Reached skill level 5 in Fighting
  6014 | D:6      | Identified the +2 robe "Vesea" {Int+3}
  6420 | D:6      | Reached ** piety under Makhleb
  6706 | D:7      | Noticed Dowan
  6708 | D:7      | Noticed Duvessa
  6732 | D:7      | Killed Dowan
  6739 | D:7      | Killed Duvessa
  6740 | D:7      | Reached skill level 8 in Shields
  6740 | D:7      | Reached skill level 1 in Invocations
  7067 | D:8      | Noticed Grum
  7100 | D:8      | Splashed by an acid dragon's acid

Illustrated notes

Levels and vault maps discovered:
D:1:      kennysheep_arrival_forest, layout_basic,
          chequers_ecumenical_altar_grove
D:2:      layout_basic, kennysheep_generic_room_10, uniq_jessica
D:3:      layout_loops_cross
D:4:      layout_loops_ring, minmay_temple_entry_grid, gup_sewer_entry_bowl,
          uniq_edmund, uniq_natasha, uniq_crazy_yiuf_cottage
D:5:      layout_rooms
D:6:      layout_loops_cross, hangedman_abyss_or_decor_lesser_grid
D:7:      layout_gridville, uniq_duvessa
D:8:      layout_loops_corners, nicolae_hepliaklqana_hazy_memory,
          hangedman_abyss_or_decor_slice, minmay_statues_item, uniq_grum
Temple:   nicolae_temple_the_god_donut

Skill      XL: |  1  2  3  4  5  6  7  8  9 |
---------------+----------------------------+-----
Fighting       | 3 4 5 |  5.3
Axes           | 3 4 6 |  6.7
Shields        | 4 5 6 7 8 |  8.2
Armour         | 4 5 6 |  6.2
Dodging        | 1 2 3 4 |  4.8
Short Blades   | 1 2 4 |  4.0
Throwing       | 1 2 |  2.3
Stealth        | 1 4 |  4.1
Invocations    | 3 |  3.3

Action                   |  1- 3 |  4- 6 |  7- 9 || total
-------------------------+-------+-------+-------++-------
Melee: War axe           |   112 |   183 |   226 ||   521
       Dagger            |       |    97 |   281 ||   378
Throw: Stone             |       |    31 |       ||    31
       Dart              |       |       |    25 ||    25
 Abil: Heal Wounds       |     1 |     7 |    16 ||    24
Evoke: Wand              |       |       |     1 ||     1
  Use: Potion            |     1 |     2 |     2 ||     5
       Scroll            |       |     6 |    11 ||    17
Armor: Scale mail        |   102 |    82 |    83 ||   267
       Robe              |       |       |    28 ||    28
Dodge: Dodged            |    55 |   119 |   277 ||   451
Block: Kite shield       |   113 |   155 |   350 ||   618
